 Dungeon Crawl Stone Soup version 0.31.0-9-g3a7656b989 (webtiles) character file.

Game seed: 4913697715580177531

25 GordonOverkill the Sneak (level 3, -1/30 HPs)
             Began as a Formicid Delver on Jan 25, 2024.
             Slain by an iguana (9 damage)
             ... on level 4 of the Dungeon.
             The game lasted 00:03:33 (744 turns).

GordonOverkill the Sneak (Formicid Delver)           Turns: 744, Time: 00:03:33

Health: -1/30      AC:  8    Str: 18    XL:     3   Next: 17%
Magic:  3/3        EV:  8    Int:  9    God:
Gold:   11         SH:  0    Dex: 15    Spells: 2/2 levels left

rFire   . . .        m - +0 flail
rCold   . . .        (no shield)
rNeg    . . .        l - +0 chain mail
rPois   .            (helmet unavailable)
rElec   .            (no cloak)
rCorr   .            (no gloves)
SInv    +            (no boots)
Will    .....        n - amulet of the acrobat
Stlth   +            (no ring)
HPRegen 0.25/turn    (no ring)
MPRegen 0.08/turn

%: acrobat
@: brilliant
A: permanent stasis, dig shafts and tunnels, antennae 3, four strong arms
a: Dig, Shaft Self


You were on level 4 of the Dungeon.
You visited 1 branch of the dungeon, and saw 2 of its levels.
You also visited: Sewer.

You collected 11 gold pieces.

Inventory:

Hand Weapons
 m - a +0 flail (weapon)
Armour
 b - a +0 leather armour
 l - a +0 chain mail (worn)
Jewellery
 n - an amulet of the acrobat (around neck)
Wands
 f - a wand of digging (3)
Scrolls
 a - a scroll of identify {unknown}
 c - a scroll of fog
 d - a scroll of revelation
 e - a scroll of fear
 g - a scroll of noise {unknown}
 k - a scroll of amnesia {unknown}
Potions
 h - a potion of brilliance


   Skills:
 - Level 4.0 Fighting
 + Level 2.8 Maces & Flails
 - Level 1.7 Dodging
 - Level 6.0 Stealth


You had 2 spell levels left.
You didn't know any spells.
Your spell library was empty.

Dungeon Overview and Level Annotations

Branches:
Dungeon (5/15)              Sewer (visited)
 Temple: D:4-7

Altars:


Innate Abilities, Weirdness & Mutations

You cannot be hasted, slowed, berserked, paralysed or teleported.
You can dig through walls and to a lower floor.
You have a pair of large antennae on your head. (SInv)
Your four strong arms can wield two-handed weapons with a shield.


Message History

You sock the iguana!
The iguana is heavily wounded.
The iguana bites you.
You barely miss the iguana.
The iguana is heavily wounded.
The iguana bites you but does no damage.
You hit the iguana but do no damage.
The iguana is heavily wounded.
The iguana bites you!
* * * LOW HITPOINT WARNING * * *
You completely miss the iguana.
The iguana is heavily wounded.
The iguana bites you but does no damage.
The iguana closely misses you.
You closely miss the iguana.
The iguana is heavily wounded.
The iguana bites you but does no damage.
You closely miss the iguana.
The iguana is heavily wounded.
The iguana bites you but does no damage.
You closely miss the iguana.
The iguana is heavily wounded.
The iguana closely misses you.
You hit the iguana but do no damage.
The iguana is heavily wounded.
The iguana barely misses you. x2
You hit the iguana but do no damage.
The iguana is heavily wounded.
The iguana bites you.
* * * LOW HITPOINT WARNING * * *
It was a potion of haste.
Your stasis prevents you from being hasted.
The iguana bites you.
* * * LOW HITPOINT WARNING * * *
It was a potion of magic.
Magic courses through your body. The iguana barely misses you.
You hit the iguana.
The iguana is severely wounded.
The iguana bites you!
You die...

######### . #.......#
....###### #.......#
......l@.#####.......###
.......#................
.......#................
.......#................
.......#................
.......#................
.......#................
.......#................
..................


You could see an iguana.

Vanquished Creatures
  5 orcs (D:4)
  4 giant cockroaches (D:5)
  2 jackals (Sewer)
  4 quokkas
  A kobold (Sewer)
16 creatures vanquished.

Notes
Turn   | Place    | Note
-------+----------+-------------------------------------------
     0 | D:5      | GordonOverkill the Formicid Delver began the quest for the
                  | Orb.
     0 | D:5      | Reached XP level 1. HP: 18/18 MP: 1/1
    64 | D:5      | Found a glowing drain.
    89 | D:5      | Reached XP level 2. HP: 25/25 MP: 2/2
   111 | Sewer    | Entered a sewer
   233 | Sewer    | Noticed a crocodile
   281 | D:5      | Noticed a phantom
   559 | D:4      | Reached XP level 3. HP: 27/30 MP: 3/3
   744 | D:4      | Slain by an iguana

Illustrated notes

Levels and vault maps discovered:
D:4:      minmay_spotlight, layout_basic, lemuel_doored_altar
D:5:      layout_cave_pools, fedhas_altar_3, minmay_temple_entry_mist,
          gammafunk_ghost_cemetery, portal_sewer_entry_f,
          nicolae_nh_ransacked_shop, uniq_duvessa

Skill      XL: |  1  2 |
---------------+-------+-----
Fighting       | 4 |  4.0
Maces & Flails | |  2.8
Dodging        | |  1.7
Stealth        | |  6.0

Action                     || total
---------------------------++-------
  Melee: Mace              ||    59
         Punch             ||     2
         Flail             ||    11
    Use: Potion            ||     3
 Armour: Leather armour    ||    32
         Chain mail        ||    21
  Dodge: Dodged            ||    47
